[Event "IITU Masters 2019"]
[Site "Almaty"]
[Date "2019.02.20"]
[Round "1.1"]
[White "Daurimbetov, A."]
[Black "Markov, Mikhail"]
[Result "0-1"]
[ECO "B53"]
[WhiteElo "2287"]
[BlackElo "2368"]
[Annotator "NA"]
[PlyCount "200"]
[EventDate "2019.02.20"]
[EventType "tourn"]
[EventCountry "KAZ"]
[SourceTitle "playchess.com"]
[Source "ChessBase"]
[SourceQuality "1"]
[TimeControl "5400+30"]

1. e4 c5 2. Nf3 d6 3. d4 cxd4 4. Qxd4 a6 5. Be3 Nc6 6. Qd2 Nf6 7. Nc3 e5 8. O-O-O b5 9. Bg5 Be6 10. Kb1 Rb8 11. h3 h6 12. Bxf6 Qxf6 13. Nh2 Qd8 14. Ng4 Nd4 15. Ne3 Be7 16. Ncd5 O-O 17. c3 Nc6 18. Nxe7+ Qxe7 19. Qxd6 Qb7 20. Nd5 Kh8 21. Be2 a5 22. Rd2 Rbc8 23. Rc1 b4 24. Qc5 bxc3 25. Nxc3 Nb4 26. Qb5 Qxe4+ 27. Ka1 Nxa2 28. Nxa2 Bxa2 29. Rcd1 Be6 30. Bf3 Qf4 31. Bd5 Rb8 32. Qd3 Rfd8 33. Qe4 Qg5 34. h4 Qf6 35. Bxe6 Rxd2 36. Rxd2 Qxe6 37. Rd5 f6 38. h5 a4 39. Qc4 Qb6 40. Rd2 a3 41. b3 Qa5 42. Rc2 a2 43. Qc3 Qa3 44. Rb2 Qa6 45. Qc4 Qa8 46. f3 Rc8 47. Rxa2 Qb7 48. Qd3 Qb4 49. Rc2 Qa3+ 50. Kb1 Ra8 51. Qc3 f5 52. Qb2 Qd6 53. Rd2 Qc5 54. Rc2 Qb5 55. Rc4 e4 56. Qc3 Rd8 57. Rc8 Qf1+ 58. Qc1 Qxc1+ 59. Rxc1 exf3 60. gxf3 Rd3 61. Kb2 Rxf3 62. b4 Re3 63. Rc5 f4 64. b5 f3 65. Rf5 f2 66. Rxf2 Re5 67. Kc3 Rxb5 68. Rh2 Rd5 69. Kc4 Rd1 70. Rh4 Kg8 71. Rh2 Kf7 72. Rf2+ Ke6 73. Rg2 Kf6 74. Rg6+ Kf7 75. Rg2 Rh1 76. Rf2+ Ke6 77. Re2+ Kf5 78. Rf2+ Ke4 79. Rg2 Rc1+ 80. Kb5 Rc7 81. Kb6 Rf7 82. Kc6 Rf5 83. Rxg7 Rxh5 84. Rg6 Kf4 85. Kd6 Ra5 86. Rg8 h5 87. Rb8 h4 88. Rb4+ Kg5 89. Rb3 Kg4 90. Rb4+ Kh5 91. Rb3 Rg5 92. Ke6 Rg3 93. Rb8 Kg4 94. Rb4+ Kh5 95. Rb5+ Rg5 96. Rb3 Kg6 97. Rb8 h3 98. Rg8+ Kh5 99. Ra8 Rg6+ 100. Kf5 h2 0-1

[Event "IITU Masters 2019"]
[Site "Almaty"]
[Date "2019.02.20"]
[Round "1.4"]
[White "Zhalmakhanov, Ramazan"]
[Black "Tologontegin, Semetey"]
[Result "1/2-1/2"]
[ECO "C00"]
[WhiteElo "2324"]
[BlackElo "2372"]
[Annotator "NA"]
[PlyCount "101"]
[EventDate "2019.02.20"]
[EventType "tourn"]
[EventCountry "KAZ"]
[SourceTitle "playchess.com"]
[Source "ChessBase"]
[SourceQuality "1"]
[TimeControl "5400+30"]

1. e4 e6 2. d4 b6 3. Nf3 Bb7 4. Bd3 d6 5. O-O Nd7 6. c3 g6 7. Nbd2 Bg7 8. Re1 Ne7 9. Nf1 O-O 10. Ng3 h6 11. Bc2 Kh7 12. h4 e5 13. h5 Nc6 14. Be3 Nf6 15. dxe5 dxe5 16. hxg6+ fxg6 17. Qxd8 Raxd8 18. Rad1 Ng4 19. Bc1 Bc8 20. Rxd8 Nxd8 21. Rd1 Ne6 22. Ba4 Bf6 23. Nh2 Nc5 24. Bc2 Nxh2 25. Kxh2 Be7 26. f3 h5 27. Nf1 Rd8 28. Rxd8 Bxd8 29. Be3 Ne6 30. Nd2 c6 31. g3 Bc7 32. Bb3 Kg7 33. a4 Kf6 34. Bd1 g5 35. Be2 h4 36. Bf1 Ng7 37. Bh3 hxg3+ 38. Kxg3 Nh5+ 39. Kh2 Ba6 40. Bd7 c5 41. Kh3 Be2 42. Bb5 Bd1 43. Kg4 Nf4 44. Nf1 a6 45. Bxa6 Bxa4 46. Bc8 Be8 47. Ng3 Bf7 48. Bd7 Bg6 49. Bf5 Be8 50. Bc8 Bf7 51. Bd7 1/2-1/2

[Event "IITU Masters 2019"]
[Site "Almaty"]
[Date "2019.02.21"]
[Round "2.1"]
[White "Markov, Mikhail"]
[Black "Zubarev, Alexander"]
[Result "1/2-1/2"]
[ECO "D02"]
[WhiteElo "2368"]
[BlackElo "2494"]
[Annotator "ChessBase"]
[PlyCount "59"]
[EventDate "2019.02.20"]
[EventType "tourn"]
[EventCountry "KAZ"]
[SourceTitle "playchess.com"]
[Source "ChessBase"]
[SourceQuality "1"]
[TimeControl "5400+30"]

1. Nf3 d5 2. d4 Nf6 3. Bf4 e6 4. e3 Bd6 5. Bxd6 cxd6 6. Nbd2 O-O 7. c4 dxc4 8. Bxc4 b6 9. O-O Bb7 10. Rc1 Nbd7 11. Bb5 Rc8 12. Rxc8 Qxc8 13. Qb1 Qa8 14. Rc1 Rc8 15. Ne1 Rxc1 16. Qxc1 Qc8 17. Qxc8+ Bxc8 18. Nd3 Kf8 19. Kf1 Ke7 20. Ke2 Bb7 21. f3 a6 22. Bxd7 Nxd7 23. Nc4 a5 24. b3 Ba6 25. Kd2 d5 26. Nce5 Bxd3 27. Nxd7 Kxd7 28. Kxd3 b5 29. a4 bxa4 30. bxa4 1/2-1/2

[Event "IITU Masters 2019"]
[Site "Almaty"]
[Date "2019.02.21"]
[Round "2.2"]
[White "Tologontegin, Semetey"]
[Black "Rakhimzhan, Alen"]
[Result "1-0"]
[ECO "A20"]
[WhiteElo "2372"]
[BlackElo "2320"]
[Annotator "NA"]
[PlyCount "91"]
[EventDate "2019.02.20"]
[EventType "tourn"]
[EventCountry "KAZ"]
[SourceTitle "playchess.com"]
[Source "ChessBase"]
[SourceQuality "1"]
[TimeControl "5400+30"]

1. c4 e5 2. d3 Nf6 3. Nf3 Nc6 4. a3 a5 5. e3 g6 6. b3 Bg7 7. Bb2 d6 8. d4 exd4 9. Nxd4 O-O 10. Be2 Nxd4 11. Bxd4 Bd7 12. O-O Bc6 13. Nc3 Re8 14. Rc1 Ne4 15. Bxg7 Kxg7 16. Nd5 Kg8 17. Bf3 Nf6 18. Qd4 Re5 19. Rfd1 Rc8 20. g3 Bxd5 21. cxd5 Qe7 22. Bg2 b6 23. Rd3 Ne8 24. f4 Rh5 25. Bf3 Rh6 26. e4 g5 27. f5 g4 28. Bxg4 Nf6 29. Bf3 Nd7 30. Rdc3 Ne5 31. Be2 Kh8 32. Qe3 Kg7 33. Qf4 Qf6 34. Rxc7 Rxc7 35. Rxc7 Qd8 36. Qc1 b5 37. h4 Rf6 38. Kg2 h6 39. g4 Qa8 40. Rc8 Qa7 41. g5 Rxf5 42. exf5 Qd4 43. gxh6+ Kh7 44. Qg5 Qe4+ 45. Kf2 Qd4+ 46. Kf1 1-0

[Event "IITU Masters 2019"]
[Site "Almaty"]
[Date "2019.02.21"]
[Round "2.3"]
[White "Igambergenov, Alibek"]
[Black "Zhalmakhanov, Ramazan"]
[Result "0-1"]
[ECO "A37"]
[WhiteElo "2309"]
[BlackElo "2324"]
[Annotator "NA"]
[PlyCount "68"]
[EventDate "2019.02.20"]
[EventType "tourn"]
[EventCountry "KAZ"]
[SourceTitle "playchess.com"]
[Source "ChessBase"]
[SourceQuality "1"]
[TimeControl "5400+30"]

1. Nf3 c5 2. c4 Nc6 3. Nc3 g6 4. g3 Bg7 5. Bg2 e6 6. O-O Nge7 7. d3 O-O 8. a3 d5 9. cxd5 exd5 10. Bg5 h6 11. Bf4 g5 12. Bd2 Be6 13. e4 dxe4 14. Nxe4 g4 15. Nh4 b6 16. Bc3 Nd4 17. Re1 Rc8 18. Nd2 h5 19. Rc1 Nec6 20. h3 Ne5 21. hxg4 Nxd3 22. gxh5 Nxe1 23. Qxe1 Re8 24. Qd1 Qd7 25. Kh2 Bg4 26. f3 Bxh5 27. Bh3 Qd8 28. Bxc8 Re2+ 29. Kh1 Qxc8 30. g4 Bxg4 31. Bxd4 Bxf3+ 32. Ndxf3 Qh3+ 33. Kg1 Bxd4+ 34. Qxd4 cxd4 0-1

[Event "IITU Masters 2019"]
[Site "Almaty"]
[Date "2019.02.21"]
[Round "2.5"]
[White "Daurimbetov, A."]
[Black "Mezentsev, Ivan"]
[Result "1-0"]
[ECO "C52"]
[WhiteElo "2287"]
[BlackElo "2298"]
[Annotator "NA"]
[PlyCount "81"]
[EventDate "2019.02.20"]
[EventType "tourn"]
[EventCountry "KAZ"]
[SourceTitle "playchess.com"]
[Source "ChessBase"]
[SourceQuality "1"]
[TimeControl "5400+30"]

1. e4 e5 2. Nf3 Nc6 3. Bc4 Bc5 4. b4 Bxb4 5. c3 Ba5 6. d4 d6 7. Qb3 Qd7 8. dxe5 Bb6 9. exd6 Na5 10. Qb5 Nxc4 11. Qxc4 cxd6 12. Ba3 Nf6 13. O-O Qe6 14. Nbd2 Bc5 15. e5 Bxa3 16. Qa4+ Bd7 17. Qxa3 dxe5 18. Rfe1 Qe7 19. Rxe5 Be6 20. Qa4+ Qd7 21. Qb4 O-O-O 22. Ra5 b6 23. Ra3 Nd5 24. Qe4 Kb8 25. Ne5 Qc7 26. Ndf3 Bc8 27. Nd4 Bb7 28. Rxa7 Qxc3 29. Rb1 Qc5 30. Nb5 f5 31. Qa4 Nc7 32. Rxb7+ Kxb7 33. Qa7+ Kc8 34. Nxc7 Qxe5 35. Na8 Rd2 36. Nxb6+ Kd8 37. Nc4 Rb2 38. Nxb2 Re8 39. Nd3 Qc7 40. Rb8+ Kd7 41. Qxc7+ 1-0

[Event "IITU Masters 2019"]
[Site "Almaty"]
[Date "2019.02.22"]
[Round "3.1"]
[White "Mezentsev, Ivan"]
[Black "Markov, Mikhail"]
[Result "1/2-1/2"]
[ECO "B43"]
[WhiteElo "2298"]
[BlackElo "2368"]
[Annotator "NA"]
[PlyCount "134"]
[EventDate "2019.02.20"]
[EventType "tourn"]
[EventCountry "KAZ"]
[SourceTitle "playchess.com"]
[Source "ChessBase"]
[SourceQuality "1"]
[TimeControl "5400+30"]

1. e4 c5 2. Nf3 e6 3. Nc3 a6 4. d4 cxd4 5. Nxd4 Qc7 6. a3 b5 7. Bd3 Nf6 8. Nb3 Bb7 9. Qe2 Nc6 10. Be3 Ne5 11. f4 Nc4 12. Bxc4 bxc4 13. Nd2 Rc8 14. O-O Bc5 15. Kh1 Bxe3 16. Qxe3 d6 17. e5 Nd5 18. Qg3 O-O 19. Nce4 dxe5 20. fxe5 c3 21. bxc3 Nxc3 22. Nf6+ Kh8 23. Nh5 f5 24. exf6 gxf6 25. Nxf6 Qxg3 26. hxg3 Ne2 27. Nh5 Rg8 28. Rf7 Rg5 29. Nf6 Rg7 30. Rxg7 Kxg7 31. Rb1 Kxf6 32. Rxb7 Rxc2 33. Nf3 Nxg3+ 34. Kh2 Nf1+ 35. Kh3 Ne3 36. Rxh7 Nxg2 37. Ra7 Nf4+ 38. Kg4 Ng6 39. Rxa6 Rg2+ 40. Kh3 Nf4+ 41. Kh4 Ne2 42. Ng5 Kf5 43. Ra5+ e5 44. Nf3 Kf4 45. Rxe5 Nd4 46. Re8 Nf5+ 47. Kh3 Kxf3 48. Rf8 Rg5 49. Kh2 Kf2 50. Kh3 Kf3 51. Kh2 Ke3 52. Kh3 Rg3+ 53. Kh2 Rf3 54. Rc8 Rf4 55. Kg2 Rg4+ 56. Kh3 Rg3+ 57. Kh2 Rg5 58. Rb8 Nd4 59. a4 Ne2 60. Kh3 Ng3 61. Kh4 Ne4 62. a5 Rg6 63. Rb6 Rg8 64. Rb7 Nd6 65. Rb6 Kf4 66. Rb4+ Ne4 67. Kh5 Kf3 1/2-1/2

[Event "IITU Masters 2019"]
[Site "Almaty"]
[Date "2019.02.22"]
[Round "3.2"]
[White "Askarov, Bakhtiyar"]
[Black "Daurimbetov, A."]
[Result "1-0"]
[ECO "A11"]
[WhiteElo "2425"]
[BlackElo "2287"]
[Annotator "NA"]
[PlyCount "109"]
[EventDate "2019.02.20"]
[EventType "tourn"]
[EventCountry "KAZ"]
[SourceTitle "playchess.com"]
[Source "ChessBase"]
[SourceQuality "1"]
[TimeControl "5400+30"]

1. c4 c6 2. Nf3 Nf6 3. Nc3 d5 4. e3 a6 5. Qb3 e6 6. d4 b5 7. c5 Nbd7 8. a4 Rb8 9. axb5 axb5 10. Be2 Be7 11. O-O O-O 12. Bd2 Ne4 13. Nxe4 dxe4 14. Ba5 Qe8 15. Nd2 e5 16. Nxe4 exd4 17. exd4 Bxc5 18. Bf3 Bxd4 19. Bc7 Bb7 20. Nd6 Qe7 21. Rae1 Ne5 22. Bxb8 Rxb8 23. Nf5 Qd7 24. Nxd4 Qxd4 25. Re4 Qd5 26. Qxd5 Nxf3+ 27. gxf3 cxd5 28. Rb4 Bc6 29. Ra1 h6 30. Ra7 d4 31. Ra3 Rd8 32. Rd3 Bxf3 33. Rbxd4 Rxd4 34. Rxd4 Kf8 35. Rd7 g5 36. b4 Kg7 37. Rd6 h5 38. h4 f6 39. Kh2 gxh4 40. Rb6 Be2 41. Rc6 Kg6 42. Rc5 Bf1 43. Kg1 Bd3 44. Kg2 Be2 45. Kh3 Kf7 46. Kxh4 Ke6 47. Rc2 Bd3 48. Rc6+ Kd5 49. Rxf6 Kc4 50. Rf4+ Kc3 51. Rf3 Kc4 52. Rxd3 Kxd3 53. Kxh5 Kc4 54. f4 Kxb4 55. f5 1-0

[Event "IITU Masters 2019"]
[Site "Almaty"]
[Date "2019.02.22"]
[Round "3.3"]
[White "Zhalmakhanov, Ramazan"]
[Black "Khusenkhojaev, Muhammad"]
[Result "1/2-1/2"]
[ECO "A00"]
[WhiteElo "2324"]
[BlackElo "2441"]
[Annotator "NA"]
[PlyCount "60"]
[EventDate "2019.02.20"]
[EventType "tourn"]
[EventCountry "KAZ"]
[SourceTitle "playchess.com"]
[Source "ChessBase"]
[SourceQuality "1"]
[TimeControl "5400+30"]

1. Nc3 d5 2. e4 dxe4 3. Nxe4 Nd7 4. d4 Ngf6 5. Nxf6+ Nxf6 6. Nf3 Bg4 7. c3 e6 8. Be2 Bd6 9. O-O O-O 10. Bg5 h6 11. Bh4 c5 12. dxc5 Bxc5 13. Ne5 Qxd1 14. Bxd1 Bxd1 15. Raxd1 g5 16. Bg3 Rfd8 17. Rfe1 Rac8 18. Kf1 Nh5 19. Ke2 f6 20. Nd3 Bb6 21. Rd2 Kf7 22. Red1 Ke7 23. f3 Nxg3+ 24. hxg3 h5 25. Rh1 Rh8 26. Nf2 Bc7 27. Rhd1 Rcd8 28. Rxd8 Bxd8 29. Ne4 b6 30. f4 gxf4 1/2-1/2

[Event "IITU Masters 2019"]
[Site "Almaty"]
[Date "2019.02.22"]
[Round "3.4"]
[White "Rakhimzhan, Alen"]
[Black "Igambergenov, Alibek"]
[Result "1-0"]
[ECO "A41"]
[WhiteElo "2320"]
[BlackElo "2309"]
[Annotator "NA"]
[PlyCount "53"]
[EventDate "2019.02.20"]
[EventType "tourn"]
[EventCountry "KAZ"]
[SourceTitle "playchess.com"]
[Source "ChessBase"]
[SourceQuality "1"]
[TimeControl "5400+30"]

1. d4 d6 2. Nf3 f5 3. g3 Nf6 4. Bg2 g6 5. O-O Bg7 6. c4 O-O 7. Nc3 Qe8 8. Re1 e5 9. dxe5 dxe5 10. e4 fxe4 11. Ng5 Bg4 12. Qb3 Nc6 13. Be3 Kh8 14. Ngxe4 Nxe4 15. Nxe4 Rb8 16. Bc5 Nd4 17. Qe3 Nf3+ 18. Kh1 Nxe1 19. Bxf8 Nc2 20. Bxg7+ Kxg7 21. Qg5 Nxa1 22. Qf6+ Kh6 23. Ng5 Rd8 24. h3 Rd7 25. hxg4 e4 26. Bxe4 Qe7 27. Nf7+ 1-0

[Event "IITU Masters 2019"]
[Site "Almaty"]
[Date "2019.02.23"]
[Round "4.1"]
[White "Markov, Mikhail"]
[Black "Tologontegin, Semetey"]
[Result "0-1"]
[ECO "A30"]
[WhiteElo "2368"]
[BlackElo "2372"]
[Annotator "NA"]
[PlyCount "136"]
[EventDate "2019.02.20"]
[EventType "tourn"]
[EventCountry "KAZ"]
[SourceTitle "playchess.com"]
[Source "ChessBase"]
[SourceQuality "1"]
[TimeControl "5400+30"]

1. c4 c5 2. Nf3 Nc6 3. e3 Nf6 4. Nc3 g6 5. d4 {[%emt 0:02:28] LiveBook: 989 Games} cxd4 6. Nxd4 Bg7 7. Be2 O-O 8. O-O d6 9. Rb1 Bd7 $11 10. b4 Rc8 11. Ba3 Nxd4 12. exd4 Be6 13. Qb3 Qc7 14. d5 Bf5 15. Rbc1 Bh6 16. Rcd1 Bg4 17. Nb5 Qb8 18. Bxg4 Nxg4 19. Rfe1 Rfe8 20. Nd4 Bg7 21. h3 Nf6 22. c5 a6 23. Re2 a5 24. cxd6 Qxd6 25. Nb5 Qa6 26. bxa5 Bf8 27. Rde1 Red8 28. Bxe7 Rxd5 29. Nc3 Rd3 30. Bxf6 Qxf6 31. Ne4 Qa6 32. Qb1 Ra3 33. Qb2 Rc6 34. Rd1 Re6 35. Rd8 Ra4 36. f3 Rxa5 37. Kh1 Rb5 38. Qd2 Qb6 39. Re1 Rb2 40. Qd5 Kg7 41. Rd7 Be7 42. a4 Qb4 43. Rd1 Qxa4 44. Nc5 Bxc5 45. Qxc5 Qf4 46. Rd8 Rxg2 47. Qc3+ Kh6 48. Kxg2 Re2+ 49. Kf1 Qh2 50. Qd2+ Rxd2 51. R8xd2 Qxh3+ 52. Kf2 Qh2+ 53. Kf1 Qg3 54. Rd3 Kg7 55. Rb1 h5 56. Rxb7 h4 57. Ke2 Qg2+ 58. Ke3 Qg1+ 59. Ke2 h3 60. Rdd7 Qh2+ 61. Ke3 Qe5+ 62. Kf2 Qh2+ 63. Ke3 Qg1+ 64. Kf4 g5+ 65. Kf5 Qc5+ 66. Kg4 h2 67. f4 h1=Q 68. Rxf7+ Kg8 0-1

[Event "IITU Masters 2019"]
[Site "Almaty"]
[Date "2019.02.23"]
[Round "4.2"]
[White "Igambergenov, Alibek"]
[Black "Zubarev, Alexander"]
[Result "1/2-1/2"]
[ECO "E70"]
[WhiteElo "2309"]
[BlackElo "2494"]
[Annotator "ChessBase"]
[PlyCount "105"]
[EventDate "2019.02.20"]
[EventType "tourn"]
[EventCountry "KAZ"]
[SourceTitle "playchess.com"]
[Source "ChessBase"]
[SourceQuality "1"]
[TimeControl "5400+30"]

1. d4 g6 2. c4 Bg7 3. Nc3 Nf6 4. e4 O-O 5. h3 d6 6. Bg5 a6 7. Nf3 c5 8. dxc5 dxc5 9. Qxd8 Rxd8 10. e5 Nfd7 11. O-O-O h6 12. Bxe7 Re8 13. Nd5 Nc6 14. Bd6 Ndxe5 15. Nxe5 Nxe5 16. Nc7 Be6 17. Nxa8 Rxa8 18. Bxc5 Rc8 19. Bd4 b5 20. Be2 h5 21. Kb1 bxc4 22. Ka1 a5 23. f4 Nc6 24. Bxg7 Kxg7 25. Rd2 Nb4 26. a3 Nd5 27. f5 gxf5 28. Rc1 Nf4 29. Bf1 Ng6 30. Rdc2 Ne5 31. b3 Nc6 32. bxc4 Nd4 33. Rc3 a4 34. Rd1 Nb3+ 35. Kb2 Nc5 36. Rf3 Kf6 37. Re1 h4 38. Kc3 Kg5 39. Re5 Ne4+ 40. Kc2 Nd6 41. Ra5 Nxc4 42. Bxc4 Rxc4+ 43. Kd3 Re4 44. Rf2 Bc4+ 45. Kc3 Be6 46. Kd3 Bc4+ 47. Kd2 Be6 48. Rf3 Rd4+ 49. Ke3 Rc4 50. Kf2 Rd4 51. Ke3 Rc4 52. Kf2 Rd4 53. Ke3 1/2-1/2

[Event "IITU Masters 2019"]
[Site "Almaty"]
[Date "2019.02.23"]
[Round "4.4"]
[White "Daurimbetov, A."]
[Black "Zhalmakhanov, Ramazan"]
[Result "0-1"]
[ECO "B53"]
[WhiteElo "2287"]
[BlackElo "2324"]
[Annotator "NA"]
[PlyCount "100"]
[EventDate "2019.02.20"]
[EventType "tourn"]
[EventCountry "KAZ"]
[SourceTitle "playchess.com"]
[Source "ChessBase"]
[SourceQuality "1"]
[TimeControl "5400+30"]

1. e4 c5 2. Nf3 d6 3. d4 cxd4 4. Qxd4 a6 5. c4 Nc6 6. Qd3 g6 7. Nc3 Bg7 8. Be2 Bg4 9. O-O Rc8 10. Nd5 e6 11. Ne3 Bxf3 12. Bxf3 Nge7 13. g3 Ne5 $15 14. Qd1 Nxc4 15. Nxc4 Rxc4 16. Qb3 Qc7 17. Bf4 Rc6 18. Rad1 O-O 19. Rd2 Rd8 20. Rfd1 Nc8 21. h4 Nb6 22. Be2 h6 23. Qe3 Kh7 24. Qf3 Qe7 25. Qb3 Rd7 26. Kg2 Qd8 27. h5 g5 28. Be3 d5 29. exd5 Nxd5 30. Kg1 Rcd6 31. Bc5 Rc6 32. Be3 Rcd6 33. Qa3 Kg8 34. Bc5 Rc6 35. Bf3 b6 36. Bd4 b5 37. Bxg7 Kxg7 38. Be4 Rcd6 39. Rd4 b4 40. Qb3 Nf6 41. Rxd6 Rxd6 42. Rxd6 Qxd6 43. Bf3 Qd4 44. a4 a5 45. Qc2 g4 46. Be2 Qe5 47. b3 Qxh5 48. Qc7 Qf5 49. Bc4 Ne4 50. Qa7 Qc5 0-1

[Event "IITU Masters 2019"]
[Site "Almaty"]
[Date "2019.02.25"]
[Round "6.1"]
[White "Markov, Mikhail"]
[Black "Igambergenov, Alibek"]
[Result "1-0"]
[ECO "A45"]
[WhiteElo "2368"]
[BlackElo "2309"]
[Annotator "NA"]
[PlyCount "81"]
[EventDate "2019.02.20"]
[EventType "tourn"]
[EventCountry "KAZ"]
[SourceTitle "playchess.com"]
[Source "ChessBase"]
[SourceQuality "1"]
[TimeControl "5400+30"]

1. d4 Nf6 2. Bf4 c5 3. dxc5 Na6 4. Qd4 Qa5+ 5. Nc3 Qxc5 6. Qxc5 Nxc5 7. f3 g6 8. e4 Bg7 9. Nb5 Ne6 10. Be3 a6 11. Nc3 b5 12. O-O-O Bb7 13. a4 b4 14. Nd5 Nxd5 15. exd5 Nc7 16. Bc4 e6 17. dxe6 dxe6 18. Ne2 Nd5 19. Bc5 Bh6+ 20. Kb1 Ne3 21. Bxe3 Bxe3 22. Rd3 Bb6 23. Rhd1 Rd8 24. Nd4 Ke7 25. Bxa6 Rxd4 26. Bxb7 Rhd8 27. Ba6 Rxd3 28. Bxd3 Rd4 29. Ka2 Kd6 30. Kb3 Kc5 31. Re1 Bc7 32. h3 h5 33. Re2 h4 34. Bb5 g5 35. Be8 Rf4 36. Rd2 f6 37. Rd7 Bb6 38. Rb7 Rd4 39. a5 Bd8 40. Rb5+ Kd6 41. a6 1-0

[Event "IITU Masters 2019"]
[Site "Almaty"]
[Date "2019.02.25"]
[Round "6.4"]
[White "Mezentsev, Ivan"]
[Black "Rakhimzhan, Alen"]
[Result "1/2-1/2"]
[ECO "A05"]
[WhiteElo "2298"]
[BlackElo "2320"]
[Annotator "NA"]
[PlyCount "65"]
[EventDate "2019.02.20"]
[EventType "tourn"]
[EventCountry "KAZ"]
[SourceTitle "playchess.com"]
[Source "ChessBase"]
[SourceQuality "1"]
[TimeControl "5400+30"]

1. Nf3 Nf6 2. c4 e6 3. b3 d5 4. Bb2 b6 5. g3 dxc4 6. bxc4 c5 7. Bg2 Bb7 8. d3 Be7 9. O-O O-O 10. Nbd2 Nc6 11. Ne5 Qc8 12. Nxc6 Bxc6 13. e4 b5 14. e5 Nd7 15. Ne4 bxc4 16. dxc4 f5 17. exf6 Nxf6 18. Bxf6 Bxf6 19. Nxf6+ Rxf6 20. Qd3 Bxg2 21. Kxg2 Qc6+ 22. f3 Raf8 23. Rae1 h6 24. Rf2 Qc7 25. Rd1 Qc6 26. Qe3 Qa4 27. Qe2 Qc6 28. Rd3 Rf5 29. Re3 R5f6 30. Rd3 Rf5 31. Re3 R5f6 32. Rd3 Rf5 33. Re3 1/2-1/2

[Event "IITU Masters 2019"]
[Site "Almaty"]
[Date "2019.02.26"]
[Round "7.1"]
[White "Zhalmakhanov, Ramazan"]
[Black "Markov, Mikhail"]
[Result "1-0"]
[ECO "B13"]
[WhiteElo "2324"]
[BlackElo "2368"]
[Annotator "NA"]
[PlyCount "77"]
[EventDate "2019.02.20"]
[EventType "tourn"]
[EventCountry "KAZ"]
[SourceTitle "playchess.com"]
[Source "ChessBase"]
[SourceQuality "1"]
[TimeControl "5400+30"]

1. e4 c6 2. d4 d5 3. exd5 cxd5 4. c3 Nc6 5. Bd3 Nf6 6. Bf4 Bg4 7. Qb3 Qd7 8. Nd2 e6 9. Ngf3 Bd6 10. Ne5 Qc7 11. Nxg4 Bxf4 12. Nxf6+ gxf6 13. Nf3 O-O-O 14. g3 Bh6 15. O-O f5 16. Rae1 Rhg8 17. Qd1 f4 18. Bb5 Ne7 19. Bd3 Bg5 20. Re5 Bh6 21. Rh5 Bg7 22. Rxh7 f6 23. Re1 e5 24. dxe5 fxe5 25. Ng5 fxg3 26. hxg3 Qb6 27. Qg4+ Kb8 28. Qe6 Nc6 29. Nf7 Rde8 30. Qxd5 Bf8 31. Kg2 Bc5 32. Re2 a5 33. Nxe5 Nxe5 34. Rxe5 Rxe5 35. Qxe5+ Bd6 36. Qb5 Qxb5 37. Bxb5 Bc5 38. f4 Rd8 39. Rd7 1-0

[Event "IITU Masters 2019"]
[Site "Almaty"]
[Date "2019.02.26"]
[Round "7.2"]
[White "Rakhimzhan, Alen"]
[Black "Askarov, Bakhtiyar"]
[Result "1-0"]
[ECO "A57"]
[WhiteElo "2320"]
[BlackElo "2425"]
[Annotator "NA RC"]
[PlyCount "205"]
[EventDate "2019.02.20"]
[EventType "tourn"]
[EventCountry "KAZ"]
[SourceTitle "playchess.com"]
[Source "ChessBase"]
[SourceQuality "1"]
[TimeControl "5400+30"]

1. d4 Nf6 2. c4 c5 3. d5 b5 4. cxb5 a6 5. e3 g6 6. Nc3 Bg7 7. Nf3 O-O 8. a4 e6 9. e4 exd5 10. exd5 Re8+ 11. Be2 axb5 12. Nxb5 d6 13. O-O Na6 14. Bf4 Bf8 15. Nc3 Nb4 16. Bb5 Bd7 17. Qd2 Bxb5 18. axb5 Qb6 19. Ra3 Qb7 20. Rd1 Rab8 21. h3 Ne4 22. Nxe4 Rxe4 23. Bh6 Qxb5 24. Bxf8 Rxf8 25. Ra7 Qe2 26. Rd7 Qxd2 27. Rxd2 Ree8 28. Rxd6 Rd8 29. Rxd8 Rxd8 30. d6 f6 31. Ne1 Kf7 32. Nc2 Nc6 33. Rd5 Ke6 34. Ne3 c4 35. Rc5 Ne5 36. Nxc4 Nxc4 37. Rxc4 Rxd6 38. Rc2 Rd1+ 39. Kh2 Rd3 40. h4 h5 41. g3 Rb3 42. Kg2 Kf5 43. Re2 g5 44. Kh3 Kg6 45. Rd2 Kf5 46. Rc2 Kg6 47. Rd2 Kf5 48. hxg5 fxg5 49. Kh2 Kg4 50. Kg2 Kf5 51. Rc2 Kg4 52. Re2 Kf5 53. Rd2 Kg4 54. Rc2 Kf5 55. Kh3 Kg6 56. Kh2 Kf5 57. Kg2 Kg4 58. f3+ Kf5 59. Rd2 g4 60. f4 Kg6 61. Rc2 Kf5 62. Kf2 Rf3+ 63. Kg2 Rb3 64. Rf2 Kf6 65. Re2 Kf5 66. Rd2 Ke4 67. Kf2 Rf3+ 68. Kg2 Rb3 69. Kh2 Kf5 70. Kg2 Ke4 71. Rc2 Kf5 72. Rf2 Kf6 73. Rc2 Kf5 74. Rc5+ Kg6 75. Rc6+ Kf5 76. Rc5+ Kg6 77. Kf2 Rxb2+ 78. Ke3 Rb3+ 79. Ke4 Rxg3 80. Rc6+ Kf7 81. Rc7+ Ke8 82. Rh7 Rh3 83. Ke5 g3 84. Ke6 Kd8 85. Kd6 Ke8 86. Ke6 Kf8 87. Kf6 Ke8 88. Ke6 Kf8 89. Kf6 Ke8 90. Ke6 Kf8 91. Kf6 Ke8 92. Ke6 Kf8 93. Kf6 Ke8 94. Ke6 Kf8 95. Kf6 Kg8 96. Ra7 Rh4 97. Ra8+ Kh7 98. Ra7+ Kh6 99. Ra8 Kh7 100. Ra7+ Kg8 101. Rg7+ Kh8 102. Rxg3 Rxf4+ 103. Kg5 1-0

[Event "IITU Masters 2019"]
[Site "Almaty"]
[Date "2019.02.26"]
[Round "7.4"]
[White "Tologontegin, Semetey"]
[Black "Daurimbetov, A."]
[Result "1-0"]
[ECO "A11"]
[WhiteElo "2372"]
[BlackElo "2287"]
[Annotator "NA"]
[PlyCount "103"]
[EventDate "2019.02.20"]
[EventType "tourn"]
[EventCountry "KAZ"]
[SourceTitle "playchess.com"]
[Source "ChessBase"]
[SourceQuality "1"]
[TimeControl "5400+30"]

1. c4 c6 2. Nf3 d5 3. e3 Nf6 4. Nc3 a6 5. b3 Bg4 6. Be2 e6 7. h3 Bh5 8. g4 Bg6 9. Ne5 Nbd7 10. Nxg6 hxg6 11. Bb2 Bd6 12. d4 Bb4 13. Kf1 Bxc3 14. Bxc3 Ne4 15. Be1 Qg5 16. Kg2 f5 17. h4 Qh6 18. f3 Nd6 19. Bg3 Nf7 20. g5 Qh7 21. e4 O-O 22. cxd5 exd5 23. exd5 cxd5 24. Rc1 f4 25. Bxf4 Nh6 26. Bg3 Nf5 27. Bf2 Rf7 28. Rc7 Nf8 29. Rxf7 Kxf7 30. Qd2 Ne6 31. f4 Re8 32. Bf3 Rd8 33. h5 gxh5 34. Rxh5 Qg8 35. g6+ Kxg6 36. Bg4 Rf8 37. Kg1 Rf6 38. Qc2 Qf8 39. Be3 a5 40. a4 b6 41. Kh1 Rf7 42. Rh3 Qb4 43. Bd2 Nexd4 44. Bxf5+ Rxf5 45. Rg3+ Kh6 46. Rh3+ Kg6 47. Qd3 Qc5 48. Bc3 Ne2 49. Qxe2 d4 50. Qe6+ Rf6 51. Qe8+ Rf7 52. Rg3+ {[%emt 0:00:35] b5} 1-0